AoeStats
← Aziz

Oasis

510188710Analyzed
3v3 RM · 17h ago on Sep 29, 2026· 22m 37s· 6 players
Game mode
Random Map
Map size
Normal (6 player)
Population
200
Speed
Normal
Resources
Standard
Victory
Conquest
Starting age
Dark Age
Ending age
Imperial Age
RankedLock teamsTeams togetherTeam positionsShared explorationLock speedFull tech treeHidden civsTurbo modeCheats
Victory
Defeat
🇦🇷 Lithuanians · Argentina
613
+16
🇦🇷 Persians · Argentina
595
+17
🇦🇷 Goths · Argentina
595
+17
🇨🇳 Saxons · China
628
-17
🇺🇿 Tatars · Uzbekistan
624
-17
🇬🇷 Byzantines · Greece
611
-16
Mannu5899
12:11 Feudal Age
13:45 Horse Collar
13:53 Double-Bit Axe
17:21 Wheelbarrow
19:55 Gold Mining
22:11 Castle Age
Danilo98332
10:52 Feudal Age
17:08 Castle Age
19:27 Man-at-Arms
20:12 Long Swordsman
Khavy7047
10:58 Feudal Age
18:08 Castle Age
Crepaholic Yorgos
12:20 Feudal Age
10:38 Loom
16:56 Castle Age
15:27 Double-Bit Axe
19:05 Horse Collar
20:09 Heavy Plow
21:45 Bow Saw
Aziz
7:41 Loom
12:19 Feudal Age
Rinidexuema
Connection lost

Rejoining the realm…

Still unreachable

The connection could not be restored.

Session expired

The server has moved on; the page needs a fresh start.